 Dungeon Crawl Stone Soup version 0.30.1-11-g7821555f0a (webtiles) character file.

Game seed: 455346372606216312

7172 MrIGI the Grappler (level 10, 0/96 (100) HPs)
             Began as a Troll Fighter on Dec 20, 2023.
             Was a Believer of Wu Jian.
             Slain by a spectral orc knight
             ... wielding a +0 battleaxe
             ... summoned by Nergalle
              (21 damage)
             ... on level 1 of the Lair of Beasts.
             The game lasted 00:24:38 (8027 turns).

MrIGI the Grappler (Troll Fighter)                  Turns: 8027, Time: 00:24:39

HP:   0/96 (100)    AC:  6    Str: 28    XL:     10   Next: 86%
MP:   9/9           EV: 11    Int:  4    God:    Wu Jian [**....]
Gold: 377           SH: 14    Dex: 11    Spells: 9/9 levels left

rFire   . .          .
                       - Unarmed
rCold   + . .        b - +0 kite shield
rNeg    . . .        s - +2 robe
rPois   .            (helmet restricted)
rElec   .            (no cloak)
rCorr   .            (gloves unavailable)
SInv    .            (boots unavailable)
Will    .....        L - amulet of reflection
Stlth   +            v - ring of protection from cold
HPRegen 1.16/turn    I - +4 ring of slaying
MPRegen 0.11/turn

%: reflection
@: lightly drained
A: large, unfitting armour, claws 3, regeneration 1, shaggy fur 1, tough skin 1
a: Renounce Religion, Wall Jump


You were on level 1 of the Lair of Beasts.
You worshipped Wu Jian.
Wu Jian was pleased with you.
You visited 3 branches of the dungeon, and saw 11 of its levels.

You collected 559 gold pieces.
You spent 182 gold pieces at shops.

Inventory:

Missiles
 k - 5 throwing nets (quivered)
Armour
 a - a +0 robe
 b - a +0 kite shield (worn)
 s - a +2 robe (worn)
 A - a +0 leather armour of poison resistance
Jewellery
 u - an amulet of faith
 v - a ring of protection from cold (left claw)
 z - a ring of protection from cold
 C - a ring of wizardry
 I - a +4 ring of slaying (right claw)
 L - an amulet of reflection (around neck)
 M - a ring of willpower
Wands
 f - a wand of polymorph (5)
 m - a wand of mindburst (12)
 y - a wand of flame (10)
 E - a wand of paralysis (11)
 Q - a wand of acid (4)
Scrolls
 g - a scroll of noise
 h - a scroll of fog
 i - a scroll of butterflies
 n - 3 scrolls of poison
 p - 2 scrolls of blinking
 B - 2 scrolls of brand weapon
 D - a scroll of magic mapping
 G - 2 scrolls of amnesia
 K - a scroll of fear
 N - a scroll of torment {unknown}
 O - 2 scrolls of teleportation {unknown}
 P - a scroll of identify
Potions
 c - 4 potions of might
 d - 5 potions of curing
 e - 2 potions of ambrosia {unknown}
 j - 4 potions of lignification {unknown}
 l - 3 potions of mutation {unknown}
 o - 3 potions of cancellation {unknown}
 q - 4 potions of haste {unknown}
 r - 3 potions of flight
 t - a potion of resistance {unknown}
 w - a potion of brilliance {unknown}
 x - a potion of degeneration {unknown}
 F - 4 potions of magic {unknown}
 J - a potion of attraction {unknown}
Miscellaneous
 R - a phantom mirror


   Skills:
 + Level 6.5 Fighting
 - Level 3.0 Throwing
 + Level 6.5 Dodging
 + Level 7.2 Shields
 * Level 10.5 Unarmed Combat
 + Level 1.6 Evocations


You had 9 spell levels left.
You didn't know any spells.
Your spell library contained the following spells:

 Spells                   Type           Power      Damage    Failure   Level
 Sandblast                Erth           0%         2d4       69%         1
 Ensorcelled Hibernation  Hex/Ice        0%         N/A       83%         2
 Passwall                 Tmut/Erth      0%         N/A       83%         2
 Stone Arrow              Conj/Erth      0%         3d7       96%         3
 Swiftness                Air            0%         N/A       96%         3


Dungeon Overview and Level Annotations

Branches:
Dungeon (9/15)             Temple (1/1) D:4            Lair (1/5) D:9
    Orc: D:9-12

Altars:
Ashenzari
Cheibriados
Dithmenos
Elyvilon
Fedhas
Gozag
Hepliaklqana
Kikubaaqudgha
Makhleb
Nemelex Xobeh
Okawaru
Qazlal
Ru
Sif Muna
Trog
Uskayaw
Wu Jian
Xom
Yredelemnul
Zin
The Shining One

Shops:
D:3 [   D:4 =   D:6 !

Annotations:
D:8 Joseph
Lair:1 Nergalle


Innate Abilities, Weirdness & Mutations

You are too large for most types of armour.
You have claws for hands.
Your natural rate of healing is unusually fast.
You are covered in fur. (AC +1)
You have tough skin. (AC +1)


Message History

You block the spectral orc knight's attack.
You block the spectral orc's attack. Nergalle hits you with a +0 dagger.
You closely miss Nergalle.
Nergalle is heavily wounded.
The spectral orc knight misses you.
The spectral orc hits you but does no damage.
Nergalle hits you with a +0 dagger.
You block the spectral orc knight's attack.
You scratch Nergalle but do no damage.
Nergalle is heavily wounded.
The spectral orc knight hits you with a +0 battleaxe!
* * * LOW HITPOINT WARNING * * *
You feel drained.
* * * LOW HITPOINT WARNING * * *
You block the spectral orc's attack.
Nergalle shouts, "Kill, kill, my pretties!"
Nergalle hits you with a +0 dagger.
* * * LOW HITPOINT WARNING * * *
Aiming: Wall Jump
Press: ? - help, Dir - move target, f - you Please select an adjacent position to wall jump against.
Okay, then.
You feel much better.
You block the spectral orc knight's attack.
The spectral orc closely misses you. Nergalle hits you with a +0 dagger.
You closely miss Nergalle.
Nergalle is heavily wounded.
The spectral orc knight closely misses you.
You block the spectral orc knight's attack.
The spectral orc hits you but does no damage.
You claw Nergalle!
Nergalle is severely wounded.
Nergalle barely misses you.
The spectral orc knight hits you with a +0 battleaxe!!
* * * LOW HITPOINT WARNING * * *
The spectral orc closely misses you.
You claw Nergalle!
Nergalle is almost dead.
The spectral orc knight hits you with a +0 battleaxe!!
You die...

##....##..#
##....#..#
#.......#
#......## ###
###...## .##..##
###...#
.......##.....#
.......Z##....#
......o@Z.#...#
..............##
...............#
.........).....#
...............#
...............#
...........##..#
.........).#
#..# .......###
...


You could see Nergalle, a spectral orc (summoned) and a spectral orc knight
(summoned, fast).

Vanquished Creatures
  Pikel (D:6)
  2 cane toads (Lair:1)
  A rime drake (D:9)
  2 komodo dragons (Lair:1)
  A polar bear (D:9)
  Sigmund (D:3)
  A shadow (D:9)
  5 yaks (Lair:1)
  2 water moccasins
  Duvessa (D:4)
  A black bear (D:7)
  5 ice beasts
  4 sky beasts (D:7)
  2 wolves (D:9)
  An ogre (D:5)
  3 centaurs
  2 kobold brigands
  2 bullfrogs (D:6)
  A gnoll sergeant (D:7)
  6 scorpions
  5 wights (D:9)
  Dowan (D:4)
  10 killer bees
  2 hounds
  2 orc priests (D:5)
  4 gnoll boudas
  A sleepcap (D:7)
  Jessica (D:2)
  Ijyb (D:3)
  8 orc wizards
  Robin (D:3)
  7 adders
  25 gnolls
  A white imp (D:5)
  An ufetubus (D:7)
  A worm (D:2)
  4 dart slugs
  31 orcs
  7 endoplasms
  4 giant cockroaches
  21 goblins
  7 hobgoblins
  3 quokkas
  6 ball pythons
  6 bats
  5 frilled lizards
  24 kobolds
  2 rats (D:3)
235 creatures vanquished.

Notes
Turn   | Place    | Note
-------+----------+-------------------------------------------
     0 | D:1      | MrIGI the Troll Fighter began the quest for the Orb.
     0 | D:1      | Reached XP level 1. HP: 22/22 MP: 0/0
    67 | D:1      | Reached XP level 2. HP: 29/29 MP: 1/1
   675 | D:1      | Reached XP level 3. HP: 33/36 MP: 2/2
   838 | D:2      | Found a faded altar of an unknown god.
   857 | D:2      | Reached skill level 3 in Unarmed Combat
   864 | D:2      | Reached XP level 4. HP: 44/44 MP: 3/3
   882 | D:2      | Prayed at the altar of an unknown god.
   882 | D:2      | Became a worshipper of Uskayaw the Reveller
   882 | D:2      | Reached * piety under Uskayaw
   951 | D:2      | Noticed Jessica
   952 | D:2      | Killed Jessica
  1086 | D:2      | Reached ** piety under Uskayaw
  1247 | D:2      | Reached XP level 5. HP: 53/53 MP: 4/4
  1409 | D:3      | Found Qaothy Naog's Armour Shop.
  1471 | D:3      | Noticed Robin
  1486 | D:3      | Noticed Sigmund
  1551 | D:4      | Found a glowing golden altar of the Shining One.
  1638 | D:4      | Noticed Duvessa
  1638 | D:4      | Noticed Dowan
  1649 | D:4      | Reached *** piety under Uskayaw
  1650 | D:4      | Killed Duvessa
  1651 | D:4      | Reached skill level 4 in Unarmed Combat
  1651 | D:4      | Reached XP level 6. HP: 56/61 MP: 5/5
  1658 | D:4      | Reached **** piety under Uskayaw
  1664 | D:4      | Killed Dowan
  1726 | D:4      | Found Xiahu's Jewellery Boutique.
  2086 | D:4      | Found a staircase to the Ecumenical Temple.
  2096 | Temple   | Entered the Ecumenical Temple
  2395 | D:4      | Found a shadowy altar of Dithmenos.
  2415 | D:3      | Killed Robin
  2430 | D:3      | Killed Sigmund
  2431 | D:3      | Reached skill level 5 in Unarmed Combat
  2431 | D:3      | Reached XP level 7. HP: 37/68 MP: 6/6
  2846 | D:3      | Noticed Ijyb
  2858 | D:3      | Killed Ijyb
  3075 | D:3      | Found a stormy altar of Qazlal.
  3207 | D:5      | Entered Level 5 of the Dungeon
  3285 | D:5      | Found a glowing silver altar of Zin.
  3405 | D:5      | Reached skill level 6 in Unarmed Combat
  3494 | D:5      | Reached XP level 8. HP: 78/78 MP: 7/7
  3580 | D:5      | Reached ***** piety under Uskayaw
  3894 | D:5      | Reached skill level 5 in Shields
  4397 | D:6      | Reached skill level 7 in Unarmed Combat
  4521 | D:6      | Found Alexiteg's Distillery.
  4527 | D:6      | Bought a potion of curing for 39 gold pieces
  4527 | D:6      | Bought 2 potions of flight for 78 gold pieces
  4527 | D:6      | Bought a potion of heal wounds for 65 gold pieces
  4675 | D:6      | Noticed Pikel
  4683 | D:6      | Killed Pikel
  4684 | D:6      | Reached skill level 5 in Fighting
  4684 | D:6      | Reached skill level 5 in Dodging
  4684 | D:6      | Reached skill level 8 in Unarmed Combat
  4684 | D:6      | Reached XP level 9. HP: 88/88 MP: 8/8
  5080 | D:7      | Found a blossoming altar of Fedhas.
  5149 | D:7      | Reached skill level 1 in Throwing
  5392 | D:7      | Found an ornate altar of the Wu Jian Council.
  5565 | D:7      | Fell from the grace of Uskayaw
  5565 | D:7      | Became a worshipper of the Wu Jian Council
  6055 | D:8      | Noticed Joseph
  6142 | D:8      | Found a sacrificial altar of Ru.
  6275 | D:9      | Reached * piety under Wu Jian
  6313 | D:9      | Reached skill level 9 in Unarmed Combat
  6363 | D:9      | Noticed a polar bear
  6365 | D:9      | Noticed a rime drake
  6380 | D:9      | Killed a rime drake
  6381 | D:9      | Reached XP level 10. HP: 69/98 MP: 9/9
  6554 | D:9      | Found a staircase to the Lair.
  6631 | D:9      | Found a burning altar of Makhleb.
  6758 | D:9      | Found a bloodstained altar of Trog.
  7206 | D:9      | Reached ** piety under Wu Jian
  7730 | Lair:1   | Entered Level 1 of the Lair of Beasts
  7749 | Lair:1   | Noticed a cane toad
  7758 | Lair:1   | Killed a cane toad
  7788 | Lair:1   | Reached skill level 10 in Unarmed Combat
  7912 | Lair:1   | Reached skill level 1 in Evocations
  7941 | Lair:1   | Noticed a cane toad
  7970 | Lair:1   | Killed a cane toad
  8016 | Lair:1   | Noticed Nergalle
  8027 | Lair:1   | Slain by a spectral orc knight

Illustrated notes

Levels and vault maps discovered:
D:1:      psy_arrival_conway, layout_loops_ring, minmay_misc_feat_ornament,
          corexii_corridor_pit
D:2:      kennysheep_six_static_rooms, layout_rooms,
          ebering_ecumenical_altar_sacrificial, serial_bayou_crossing,
          uniq_jessica
D:3:      layout_loops_ring, mainiacjoe_overflow_boulevard, serial_shops, shop,
          nicolae_hexahallways, uniq_sigmund, uniq_ijyb, uniq_robin
D:4:      nicolae_cairo_tiling, layout_basic, general_overflow_altar,
          marbit_many_paths, minmay_temple_entry_overgrown, serial_shops, shop,
          uniq_duvessa
D:5:      layout_basic, zin_treasury, roderic_serpentine_path
D:6:      layout_loops_cross, serial_shops, shop, uniq_pikel
D:7:      layout_loops_corners, fedhas_ov_isle_minmay, nzn_wu_jian_council_hall
D:8:      layout_rooms, mainiacjoe_overflow_big_doors, minmay_misc_feat_room,
          uniq_joseph
D:9:      layout_layer_cave, mainiacjoe_overflow_brackets,
          amcnicky_altar_gilded, hellmonk_lair_entry_icy, enter_bailey_4
Temple:   nicolae_temple_hex_pool
Lair:1:   layout_cave_pods, dreamdust_gnoll_shepherd, grunt_megastairs_5,
          uniq_nergalle

Skill      XL: |  1  2  3  4  5  6  7  8  9 10 |
---------------+-------------------------------+-----
Shields        | 3 4 5 6 7 |  7.2
Unarmed Combat | 3 4 5 6 8 9 10 | 10.5
Dodging        | 3 4 5 6 |  6.5
Fighting       | 3 4 5 6 |  6.5
Throwing       | 2 3 |  3.0
Evocations     | 1 |  1.6

Action                     |  1- 3 |  4- 6 |  7- 9 | 10-12 || total
---------------------------+-------+-------+-------+-------++-------
  Melee: Unarmed           |    81 |   150 |   345 |   140 ||   716
 Invoke: Stomp             |       |     2 |     1 |       ||     3
Ability: Lunge             |       |       |     6 |     8 ||    14
         Whirlwind         |       |       |     5 |     9 ||    14
         Wall Jump         |       |       |       |     1 ||     1
    Use: Scroll            |       |       |     8 |     1 ||     9
         Potion            |       |       |       |     1 ||     1
   Stab: Sleeping          |     1 |     1 |       |       ||     2
         Paralysed         |       |     1 |     5 |       ||     6
 Armour: Robe              |    14 |    36 |    69 |    16 ||   135
  Dodge: Dodged            |    18 |    72 |   116 |    49 ||   255
  Block: Kite shield       |    24 |    59 |   165 |   108 ||   356
         Reflection        |       |       |    12 |     2 ||    14
